Cogmind - Beta 14 @@@ ROGUE MODE // 2024.10.02 @ 22:15:16 Player: Dazz Result: Destroyed by G-47 Trooper with Particle Gun Performance ------------- Evolutions (1) 500 Regions Visited (4) 800 Robots Destroyed (8) 40 Value Destroyed (117) 117 Prototype IDs (0) 0 Alien Tech Used (0) 0 Bonus (0) 0 TOTAL SCORE: 1457 Bonus ------- None Cogmind --------- Core Integrity 0/400 Matter 295/300 Energy 100/100 System Corruption 0% Temperature Cool (15) Movement Core (100) Ox1 Location -9/Mines Parts ------- > --- POWER (1) -------- (None) > --- PROPULSION (2) --- (None) > --- UTILITY (4) ------ Small Storage Unit Visual Processing Unit > --- WEAPON (2) ------- (None) > --- INVENTORY (8) ---- Terrain Scanner Targeting Computer Heavy Particle Cannon Peak State ------------ > --- POWER ------------ Light Ion Engine > --- PROPULSION ------- Wheel Wheel > --- UTILITY ---------- Small Storage Unit Visual Processing Unit Improved Terrain Scanner > --- WEAPON ----------- Light Assault Rifle Light Assault Rifle > --- INVENTORY -------- Terrain Scanner Targeting Computer Core Shielding Welding Torch [Rating: 11] Favorites ----------- Power Ion Engine Engine Ion Engine Propulsion Wheel Wheel Wheel Hover Unit Hover Unit Utility Small Storage Unit Device Improved Terrain Scanner Storage Small Storage Unit Processor Visual Processing Unit Protection Core Shielding Weapon Light Assault Rifle Energy Cannon Heavy Particle Cannon Ballistic Gun Light Assault Rifle Special Weapon Welding Torch Build | -11 -10 -10 -9 -9 ------- Run | Yrd Mat Min Mat Min Slots Evolved 2 | . . . 2 . Power . | . . . . . Propulsion . | . . . . . Utility 2 | . . . 2 . Weapon . | . . . . . Parts Attached 25 | 7 13 1 4 . Power 3 | 1 2 . . . Engine 3 | 1 2 . . . Core . | . . . . . Reactor . | . . . . . Propulsion 9 | 2 6 1 . . Treads . | . . . . . Leg . | . . . . . Wheel 7 | 2 4 1 . . Hover 2 | . 2 . . . Flight . | . . . . . Utility 4 | 2 . . 2 . Device 1 | 1 . . . . Storage 1 | 1 . . . . Processor 1 | . . . 1 . Hackware . | . . . . . Protection 1 | . . . 1 . Artifact . | . . . . . Weapon 9 | 2 5 . 2 . Energy Gun . | . . . . . Energy Cannon 1 | . . . 1 . Ballistic Gun 6 | 2 4 . . . Ballistic Cannon . | . . . . . Launcher . | . . . . . Special Weapon 2 | . 1 . 1 . Impact Weapon . | . . . . . Slashing Weapon . | . . . . . Piercing Weapon . | . . . . . Special Melee Weapon . | . . . . . Unidentified Prototypes . | . . . . . Parts Lost 13 | . 4 . 9 . Power 2 | . 1 . 1 . Propulsion 3 | . 1 . 2 . Utility 2 | . . . 2 . Weapon 6 | . 2 . 4 . Highest Loss Streak 7 | . 4 . 7 . To Critical Strikes . | . . . . . Average Slot Usage (%) 87 | . 93 100 60 22 Engine 12 | . 13 14 4 . Wheel 19 | . 21 28 7 . Device 12 | . 14 14 7 . Storage 13 | . 14 14 11 11 Processor 1 | . . . 9 11 Ballistic Gun 24 | . 26 28 10 . Peak Build Rating 11 | 9 9 9 11 3 Average Rating 8 | 5 8 8 8 3 On Entrance 6 | . 9 9 9 3 Naked Turns . | . . . . . Heaviest Build 14 | 14 14 11 14 5 Greatest Support 26 | 26 26 26 20 3 Greatest Overweight (x) 4 | 4 4 . 4 1 Average Overweight (x) . | . . . 1 1 Largest Inventory Capacity 8 | 8 8 8 8 8 Average Capacity 7 | 7 8 8 8 8 Most Carried 7 | 3 7 7 5 3 Average Carried 3 | . 4 5 3 3 Final Capacity 8 | 8 8 8 8 8 Final Carried 6 | . 6 5 3 3 Class Distribution -------------------- 100% | Mutant Dominant Class ---------------- Mutant | -10/Materials Mutant | -10/Mines Mutant | -9/Materials Mutant | -9/Mines Resources | -11 -10 -10 -9 -9 ----------- Run | Yrd Mat Min Mat Min Matter Collected 558 | 260 234 64 . . Remotely . | . . . . . Salvage Created 131 | 17 114 . . . Parts 12 | 2 10 . . . Haulers Intercepted . | . . . . . Recyclers Shooed . | . . . . . Parts Field Recycled . | . . . . . Retrieved Matter . | . . . . . Parts Self-Destructed . | . . . . . Prevented . | . . . . . Kills | -11 -10 -10 -9 -9 ------- Run | Yrd Mat Min Mat Min Combat Hostiles Destroyed 6 | . 6 . . . Guns 6 | . 6 . . . Classes Destroyed 4 | 1 3 . . . Tunneler 1 | 1 . . . . Watcher 1 | . 1 . . . Swarmer 5 | . 5 . . . Grunt 1 | . 1 . . . Best Kill Streak 3 | 1 3 . . . Combat Bots Only 3 | . 3 . . . Max Kills in Single Turn 1 | 1 1 . . . Gunslinging . | . . . . . Exploded . | . . . . . Melee . | . . . . . Uniques/NPCs Destroyed . | . . . . . Combat | -11 -10 -10 -9 -9 -------- Run | Yrd Mat Min Mat Min Hostile Shots Fired 219 | . 85 1 124 9 Missed 53 | . 22 1 27 3 Damage Taken 1522 | . 603 . 845 74 Core 562 | . 161 . 327 74 Absorbed by Shields . | . . . . . Redirected to Shielding 50 | . . . 50 . Core Remaining (%) 67 | 100 . 35 . . Volleys Fired 65 | 4 56 . 5 . Largest 2 | 2 2 . 1 . Hottest 75 | 40 40 . 75 . Shots Fired 111 | 8 98 . 5 . Gun 102 | 8 94 . . . Cannon 5 | . . . 5 . Launcher . | . . . . . Special 4 | . 4 . . . Kinetic 102 | 8 94 . . . Thermal 9 | . 4 . 5 . Explosive . | . . . . . Electromagnetic . | . . . . . Robot Hit Streak 6 | 1 6 . 1 . Robot Miss Streak 8 | 2 8 . 4 . Penetration Max . | . . . . . Secondary Targets . | . . . . . Shots Hit Robots 50 | 3 46 . 1 . Core Hits 15 | 2 13 . . . Critical Kills . | . . . . . Critical Parts Destroyed . | . . . . . Critical Strikes . | . . . . . Melee Attacks . | . . . . . Impact . | . . . . . Slashing . | . . . . . Piercing . | . . . . . Sneak Attacks . | . . . . . Combat Hostiles . | . . . . . Follow-up Attacks . | . . . . . Damage Inflicted 520 | 29 466 . 25 . Guns 495 | 29 466 . . . Cannons 25 | . . . 25 . Explosions . | . . . . . Melee . | . . . . . Ramming . | . . . . . Kinetic 495 | 29 466 . . . Thermal 25 | . . . 25 . Explosive . | . . . . . Electromagnetic . | . . . . . Impact . | . . . . . Slashing . | . . . . . Piercing . | . . . . . Highest Corruption . | . . . . . Average Corruption . | . . . . . Corruption Purged . | . . . . . Corruption Blocked . | . . . . . Overload Shots . | . . . . . Overflow Damage . | . . . . . Projectiles . | . . . . . Explosions . | . . . . . Melee . | . . . . . Knockbacks . | . . . . . Impact . | . . . . . Kinetic . | . . . . . Secondary . | . . . . . Self-Inflicted Damage . | . . . . . Shots . | . . . . . Rammed . | . . . . . Targets Rammed . | . . . . . Kicked . | . . . . . Crushed . | . . . . . Highest Temperature 54 | . 6 . 54 . Average Temperature 22 | . 5 . 29 . Received Heat Transfer 255 | . 60 . 156 39 Siege Activations . | . . . . . Robots Corrupted . | . . . . . Combat Hostiles . | . . . . . Parts Fried . | . . . . . Impact Corruptions . | . . . . . Robots Melted . | . . . . . Combat Hostiles . | . . . . . Parts Melted . | . . . . . Heat Transferred 37 | . . . 37 . Parts Sabotaged . | . . . . . Parts Stolen . | . . . . . Parts Stripped . | . . . . . Power Chain Reactions . | . . . . . Alert | -11 -10 -10 -9 -9 ------- Run | Yrd Mat Min Mat Min Peak Influence 136 | 5 136 11 45 17 Initial 17 | . 3 11 3 17 Average 29 | 1 36 11 7 17 Maximum Alert Level . | . . . . . Low Security (%) 100 | 100 100 100 100 100 Level 1 . | . . . . . Level 2 . | . . . . . Level 3 . | . . . . . Level 4 . | . . . . . Level 5 . | . . . . . High Security . | . . . . . Max Security . | . . . . . Squads Dispatched 1 | . 1 . . . Investigation 1 | . 1 . . . Extermination . | . . . . . Reinforcement . | . . . . . Assault . | . . . . . Garrison . | . . . . . Intercept . | . . . . . Searches Triggered . | . . . . . Construction Impeded . | . . . . . Haulers Reinforced . | . . . . . Active Scanning Responses . | . . . . . Cargo Convoy Interrupts . | . . . . . Stealth | -11 -10 -10 -9 -9 --------- Run | Yrd Mat Min Mat Min Distress Signals 1 | . 1 . . . Communications Jammed . | . . . . . Distress Signals . | . . . . . Times Spotted 50 | . 23 16 8 3 Peak Tracking Total 16 | . 5 16 9 3 Tactical Retreats 7 | . 3 1 3 . Traps | -11 -10 -10 -9 -9 ------- Run | Yrd Mat Min Mat Min Traps Triggered 1 | . 1 . . . Indirectly . | . . . . . Trap Hack Attempts . | . . . . . Triggered . | . . . . . Disarmed . | . . . . . Reprogrammed . | . . . . . Reused . | . . . . . Traps Extracted . | . . . . . Installed . | . . . . . Triggered . | . . . . . Machines | -11 -10 -10 -9 -9 ---------- Run | Yrd Mat Min Mat Min Machines Disabled 1 | . . . 1 . Max in Single Turn 1 | . . . 1 . Machines Repaired . | . . . . . Machines Dismantled . | . . . . . Machines Sabotaged . | . . . . . Overloaded Fab Kills . | . . . . . Hacking | -11 -10 -10 -9 -9 --------- Run | Yrd Mat Min Mat Min Machines Accessed 10 | . 10 . . . Terminals 8 | . 8 . . . Fabricators . | . . . . . Repair Stations . | . . . . . Recycling Units 2 | . 2 . . . Scanalyzers . | . . . . . Garrison Access . | . . . . . Total Hacks 22 | . 22 . . . Successful 14 | . 14 . . . Failed 8 | . 8 . . . Catastrophic 2 | . 2 . . . Database Lockouts . | . . . . . Manual 18 | . 18 . . . Terminals 19 | . 19 . . . Fabricators . | . . . . . Repair Stations . | . . . . . Recycling Units 3 | . 3 . . . Scanalyzers . | . . . . . Garrison Access . | . . . . . Terminal Hacks 1 | . 1 . . . Alert Level 1 | . 1 . . . Fabricator Hacks . | . . . . . Repair Station Hacks . | . . . . . Recycling Unit Hacks 3 | . 3 . . . Report Inventory 2 | . 2 . . . Retrieve Components 1 | . 1 . . . Scanalyzer . | . . . . . Garrison Access Hacks . | . . . . . Unauthorized Hacks 10 | . 10 . . . Terminals 10 | . 10 . . . Assimilate 1 | . 1 . . . Botnet 3 | . 3 . . . Skim 6 | . 6 . . . Fabricators . | . . . . . Repair Stations . | . . . . . Recycling Units . | . . . . . Scanalyzers . | . . . . . Garrison Access . | . . . . . Data Cores Recovered . | . . . . . Used . | . . . . . Hacking Detections 5 | . 5 . . . Full Trace Events 2 | . 2 . . . Feedback Events . | . . . . . Feedback Blocked . | . . . . . Robot Schematics Acquired . | . . . . . Robots Built . | . . . . . Authchips . | . . . . . Time . | . . . . . Total Robot Build Rating . | . . . . . Part Schematics Acquired . | . . . . . Parts Built . | . . . . . Authchips . | . . . . . Time . | . . . . . Total Part Build Rating . | . . . . . Parts Repaired . | . . . . . Time . | . . . . . Parts Recycled . | . . . . . Recycled Matter . | . . . . . Retrieved Matter . | . . . . . Retrieved Components 7 | . 7 . . . Parts Scanalyzed . | . . . . . Part Schematics Acquired . | . . . . . Parts Damaged . | . . . . . Bothacking | -11 -10 -10 -9 -9 ------------ Run | Yrd Mat Min Mat Min Used RIF Installer . | . . . . . Robots Hacked . | . . . . . Non-combat . | . . . . . Combat . | . . . . . Robot Hacks Applied . | . . . . . Relay Couplers Released . | . . . . . Fabnet Peak Effective % . | . . . . . Robots Rewired . | . . . . . Allies Hacked . | . . . . . Hacks Repelled . | . . . . . Allies | -11 -10 -10 -9 -9 -------- Run | Yrd Mat Min Mat Min Total Allies 1 | . 1 . . . Largest Group 1 | . 1 . . . Highest-Rated Group 10 | . 10 . . . Highest-Rated Ally 10 | . 10 . . . Total Orders . | . . . . . Ally Attacks . | . . . . . Total Damage . | . . . . . Kills . | . . . . . Allies Corrupted . | . . . . . Allies Melted . | . . . . . Intel | -11 -10 -10 -9 -9 ------- Run | Yrd Mat Min Mat Min Robot Analysis Total . | . . . . . Derelict Logs Recovered 1 | . . . . 1 Drone Launches . | . . . . . Drone Recoveries . | . . . . . Exploration | -11 -10 -10 -9 -9 ------------- Run | Yrd Mat Min Mat Min Turns Passed 1773 | 82 1314 109 233 35 Spaces Moved 1509 | 50 1123 119 182 35 Core 138 | 15 5 . 83 35 Treads . | . . . . . Legs . | . . . . . Wheels 1331 | 35 1078 119 99 . Hover 40 | . 40 . . . Flight . | . . . . . Fastest Speed 50 | 50 56 80 80 100 Average Speed 93 | 114 88 88 119 100 Slowest Speed 250 | 250 250 90 250 100 Overloaded Moves . | . . . . . Propulsion Burnouts . | . . . . . Robots Hopped . | . . . . . Cave-ins Triggered . | . . . . . Exploration Rate (%) 35 | 4 99 35 28 13 Regions Visited 4 Branch Regions 2 Pre-discovered Areas 4 | . 4 . . . Known Exits Taken . | . . . . . Unknown Exits Taken 4 | 1 1 1 1 . Scrap Searched 1 | . . 1 . . Spaces Dug 1 | . . . 1 . Terrain Destroyed 3 | . . . 3 . Melee . | . . . . . Projectile 3 | . . . 3 . AOE . | . . . . . Terrain Rammed . | . . . . . Walls Destroyed . | . . . . . Machines Disabled . | . . . . . Actions | -11 -10 -10 -9 -9 --------- Run | Yrd Mat Min Mat Min Total 1774 | 67 1357 123 192 35 Wait 137 | . 137 . . . Move 1505 | 49 1122 118 181 35 Hop . | . . . . . Pick Up 25 | 7 15 1 2 . Fast Attach . | . . . . . Attach 25 | 7 13 1 4 . Detach 10 | . 9 1 . . Swap . | . . . . . Drop 7 | . 5 2 . . Fire 65 | 4 56 . 5 . Melee . | . . . . . Ram . | . . . . . Kick . | . . . . . Crush . | . . . . . Escape Stasis . | . . . . . Rewire . | . . . . . Trap . | . . . . . Miscellaneous . | . . . . . Route ------- -11/Scrapyard -10/Materials (discovered 5 exits: [*Mat x3] / [*Min] / [Sub]) -10/Mines -9/Materials (discovered 2 exits: [*Min x2]) -9/Mines History --------- Turn | Location | Event 2 | -11/Scrapyard | Met Revision 17 22 | -11/Scrapyard | Discovered new exit (range 16) 83 | -11/Scrapyard | Entered Materials 170 | -10/Materials | Discovered new exit (range 16) 320 | -10/Materials | Build established: Mutant 405 | -10/Materials | Discovered new exit (range 10) 440 | -10/Materials | Discovered new exit (range 15) 524 | -10/Materials | Discovered new exit (range 9) 669 | -10/Materials | Discovered new exit (range 15) 824 | -10/Materials | Core integrity fell below 50% 838 | -10/Materials | Lost 4 parts (1p1n2w) 1250 | -10/Materials | Learned location of 2 exits from Subcaves 1300 | -10/Materials | Learned location of Storage (-8) 1329 | -10/Materials | Learned Storage stockpile data 1367 | -10/Materials | Learned location of Subcaves (-10) 1397 | -10/Materials | Entered Mines 1460 | -10/Mines | Assembled infested the area 1481 | -10/Mines | Discovered new exit (range 16) 1506 | -10/Mines | Entered Materials 1506 | -9/Materials | Evolved 2 slots: Utility x2 1506 | -9/Materials | Discovered new exit (range 9) 1582 | -9/Materials | Discovered new exit (range 18) 1672 | -9/Materials | Core integrity fell below 50% 1683 | -9/Materials | Lost 7 parts (1p2n1u3w) 1731 | -9/Materials | Core integrity fell below 20% 1739 | -9/Materials | Entered Mines 1749 | -9/Mines | Learned Materials stockpile data 1774 | -9/Mines | Destroyed by G-47 Trooper with Particle Gun Last Messages --------------- 01592_ Lgt. Ion Engine destroyed. 01594_ S-10 Pest destroyed. 01598_ Lgt. Assault Rifle destroyed. 01619_ Acquired Hvy. Particle Cannon. 01620_ Lgt. Assault Rifle destroyed. 01621_ Acquired Hvy. Particle Cannon. 01644_ U-05 Engineer builds a Wall. 01646_ Welding Torch destroyed. 01652_ Imp. Terrain Scanner destroyed. 01657_ K-01 Serf collects debris. 01693_ Electrolysis Chamber disabled. 01713_ U-05 Engineer builds a Wall. 01714_ Hvy. Particle Cannon destroyed. 01720_ Core Shielding destroyed. 01737_ K-01 Serf collects debris. LOCATION=UNKNOWN GOAL=ESCAPE Something is scanning the area. 01749_ Acquired derelict log, extracted data. Data stored: Materials stockpile data. Map ----- +----------------------------------------------------+ | | | | | | | | | | | | | | | | | | | | | | | | | | | | | ?????????????????????????????????????????????????? | | ?????????????????????????????????????????????????? | | ?????????????????????????????????????????????????# | | ????????????????????????????????????????????????## | | ???????????????????????????????????????????????## | | ?????????????????????????????????????????????### | | ????????????????????????????????????????????## | | ????????????????????????####????????????##### | | ???????????????????????## ##???????????# | | ???????????????????????# ##??????????# | | ???????????????????????# ###????????# #### | | ???????????????????????# @ ##???????# #??#### | | ???????????????????????# ####????# #?????# | | ???????????????????????# ##???# #?????? | | ???????????????????????## ##### #?????? | | ????????????????????????## t #?????? | | ?????????????????????????# ## #?????? | | ?????????????????????????# #############?????? | | ????????????????????????# ##?????????????????? | | ??????????????????????? #??????????????????? | | ????????????????????? ggg #??????????????????? | | ????????????????????# ##??????????????????? | | ????????????????????## ##???????????????????? | | ?????????????????????# #????????????????????? | | ?????????????????????## ##????????????????????? | | ??????????????????????#### ??????????????????????? | | ?????????????????????????# ??????????????????????? | | ?????????????????????????# ??????????????????????? | | ?????????????????????????????????????????????????? | | ?????????????????????????????????????????????????? | | ?????????????????????????????????????????????????? | | ?????????????????????????????????????????????????? | | ?????????????????????????????????????????????????? | | ?????????????????????????????????????????????????? | | ?????????????????????????????????????????????????? | | ?????????????????????????????????????????????????? | +----------------------------------------------------+ Best States ------------- Heat Dissipation 28 Energy Generation 10 Energy Capacity 250 Matter Stores 298 Matter Capacity 300 Sight Range 18 Terrain Scan Range 16 Terrain Scan Density 10 Core Shielding 20 Evasion (%) 44 Item Schematics ----------------- None Robot Schematics ------------------ None Fabricated ------------ Nothing Alien Tech Used ----------------- None Achievements -------------- Slippery One Challenges ------------ None Game ------ Seed BoltLightpackActivator Manual? 0 Play Time 00:28:20 Cumulative 13.5 hours Start 2024.10.02 @ 21:41:13 End 2024.10.02 @ 22:15:16 Sessions 1 Manual Loads 0 Difficulty Rogue Special Mode None Game No. 33 Rogue 33 Adventurer 0 Explorer 0 Win Type - Total 0 Types 0/0/0/0/0/0/0/0/0 Lore% 12 Gallery% 11 Achievement% 15 Wizard Run 0 Options --------- Layout 1 ASCII 0 Keyboard 1 Movement Numpad Keybinds 0 Fullscreen 2 Font 32/SmallcapsGlow Map View 50x35 Zoom Use 0% Tactical HUD 1 Map Filters NONE Filters NONE Steam 1 RUN: d6d58b4f-6ae5-41b7-9794-fde843fb87ca